Map: The Vermillion Problem

Players

wasp

  • Race: Protoss Protoss

larsgj

  • Race: Terran Terran

VOD

Have the link to the VOD?

Description

Time

  • Played on: Oct. 5, 2018, 10:32 a.m.
  • Length: 45:44
Show
View Real Time Build Order
Export as new Build Order

wasp Protoss 

Build Orders:  

Get SALT Encoding   

  1  0:00  Probe x12 (Chrono Boost)  
    0:10  Unknown x2  
  12  0:35  Pylon  
  12  1:30  Gateway  
  12  2:04  Forge  
  12  2:25  Pylon  
  12  2:52  Zealot  
  14  3:11  Cybernetics Core  
  14  5:34  Assimilator  
  14  5:37  Probe (Chrono Boost)  
  15  5:42  Assimilator  
  15  5:46  Zealot  
  15  5:49  Zealot  
  19  5:50  Probe (Chrono Boost)  
  20  6:04  Probe (Chrono Boost)  
  21  6:18  Probe (Chrono Boost)  
  22  6:28  Zealot  
  22  6:29  Zealot  
  26  6:32  Probe (Chrono Boost)  
  21  6:58  Zealot  
  19  7:20  Zealot  
  21  8:04  Zealot  
  23  8:22  Robotics Facility  
  23  11:04  Zealot x2  
  23  11:05  Zealot  
  29  12:14  Observer  
  15  14:00  Protoss Ground Armor Level 1  
  14  14:43  Zealot  
  14  14:44  Zealot x2  
  20  16:03  Zealot  
  20  16:04  Zealot  
  24  16:12  Immortal  
  28  16:40  Protoss Ground Weapons Level 1  
  28  18:10  Nexus  
  28  18:23  Nexus  
  28  18:49  Immortal  
  31  19:16  Nexus  
  31  20:56  Immortal  
  32  22:08  Immortal  
  23  23:03  Immortal  
  18  26:55  Zealot x3  
  24  27:01  Immortal  
  28  28:35  Immortal  
  22  29:30  Immortal  
  26  30:25  Immortal  
  26  31:20  Immortal  
  29  35:43  Zealot  
  27  36:07  Probe (Chrono Boost)  
  28  36:21  Probe (Chrono Boost)  
  29  36:35  Probe (Chrono Boost)  
  30  36:49  Probe (Chrono Boost)  
  31  37:59  Probe (Chrono Boost)  
Show
View Real Time Build Order
Export as new Build Order

larsgj Terran 

Build Orders:  

Get SALT Encoding   

  1  0:00  Orbital Command, SCV x12  
    0:10  Unknown  
    0:13  SCV  
  13  0:31  Supply Depot  
  13  0:42  SCV  
  14  0:59  SCV  
  15  1:06  Barracks  
  15  1:16  SCV  
  16  1:22  Supply Depot  
  16  1:37  SCV  
  17  1:49  Refinery  
  17  1:54  SCV  
  18  2:04  Supply Depot  
  18  2:11  SCV  
  18  2:15  Refinery  
  19  2:27  SCV  
  20  2:40  Marine  
  20  2:44  SCV  
  22  2:51  Marine  
  23  3:01  Marine, SCV  
  23  3:08  Factory  
  25  3:21  Engineering Bay  
  25  3:24  SCV  
  26  3:41  SCV  
  27  3:58  SCV  
  28  4:08  Supply Depot  
  28  4:15  SCV  
  29  4:23  Starport  
  29  4:32  SCV  
  30  4:49  SCV  
  31  5:06  SCV  
  32  5:21  Unknown  
  32  5:22  SCV, Barracks Tech Lab  
  32  5:23  Barracks  
  32  5:26  Starport Tech Lab  
  33  5:39  SCV, Supply Depot  
  34  5:53  Fusion Core  
  34  5:56  SCV  
  35  6:10  Supply Depot  
  35  6:11  Missile Turret  
  35  6:13  SCV  
  36  6:30  SCV  
  36  6:34  Starport  
  37  6:47  SCV  
  38  6:56  Barracks Tech Lab  
  38  7:02  Armory  
  38  7:04  SCV  
  39  7:12  Missile Turret  
  39  7:13  Marine  
  39  7:15  Missile Turret  
  40  7:21  SCV  
  40  7:23  Marine  
  42  7:31  Marine  
  42  7:33  Marine  
  43  7:41  Marine  
  43  7:43  Marine  
  45  7:52  Marine  
  45  7:54  Marine  
  47  8:02  Marine  
  47  8:04  Marine  
  47  8:06  Missile Turret  
  49  8:16  Starport Tech Lab  
  49  8:21  Missile Turret  
  49  8:50  Missile Turret  
  49  10:02  Battlecruiser x2  
  61  10:29  Supply Depot  
  61  10:52  Terran Vehicle and Ship Weapons Level 1  
  61  10:57  Battlecruiser  
  67  11:01  Supply Depot  
  67  11:32  Supply Depot  
  67  11:48  Marine  
  67  11:49  Marine  
  67  11:58  Marine  
  67  11:59  Marine  
  69  12:05  Supply Depot  
  69  12:08  Marine, Weapon Refit  
  71  12:10  Marine  
  71  12:12  SCV  
  71  12:18  Marine  
  74  12:20  Marine  
  74  12:28  Marine  
  74  12:29  SCV  
  77  12:30  Marine  
  77  12:37  Supply Depot  
  79  12:46  SCV  
  80  13:03  SCV  
  80  13:09  Supply Depot  
  81  13:18  Battlecruiser  
  81  13:20  SCV  
  88  13:32  Terran Vehicle And Ship Armor Level 1  
  88  13:36  Stabilizer Medpacks  
  88  13:43  Battlecruiser  
  94  13:58  Missile Turret  
  76  14:14  Supply Depot  
  76  14:46  Supply Depot  
  76  14:57  Battlecruiser  
  82  15:19  Supply Depot  
  82  15:36  Command Center  
  82  16:12  Terran Vehicle and Ship Weapons Level 2  
  82  16:26  Battlecruiser  
  85  17:20  Battlecruiser  
  91  17:34  Orbital Command  
  91  17:38  Orbital Command  
  91  17:50  Marine  
  91  17:51  Medic  
  94  18:01  Marine, Medic  
  97  18:11  Marine, Medic  
  100  18:21  Marine, Medic  
  103  18:31  Marine x2  
  105  19:00  Orbital Command  
  105  19:33  Terran Vehicle And Ship Armor Level 2  
  105  19:52  Supply Depot  
  105  20:08  SCV  
  106  20:19  Battlecruiser  
  106  20:25  SCV  
  106  20:29  Supply Depot  
  113  20:42  SCV  
  113  20:45  Battlecruiser  
  120  20:59  SCV  
  121  21:03  Supply Depot  
  121  21:13  Medic x2  
  121  21:16  SCV  
  126  21:33  SCV  
  126  21:36  Supply Depot  
  127  21:50  SCV  
  128  22:07  SCV, Supply Depot  
  129  22:24  SCV  
  130  22:40  SCV  
  130  22:41  Supply Depot  
  130  23:12  Supply Depot  
  130  23:42  Refinery  
  130  23:55  SCV  
  130  23:57  Battlecruiser x2, Refinery  
  143  24:12  SCV  
  144  24:29  SCV  
  145  24:46  SCV  
  145  25:03  SCV  
  134  25:38  Battlecruiser x2  
  144  27:55  SCV  
  145  28:07  Marine x2  
  146  28:12  SCV  
  146  28:17  Marine x2  
  148  28:27  Marine x2  
  148  28:29  SCV  
  151  28:37  Marine x2  
  153  28:46  SCV  
  153  28:47  Marine  
  153  28:48  Marine  
  158  29:03  SCV  
  157  29:51  Battlecruiser x2  
  169  30:34  Battlecruiser x2  
  180  30:52  Marine x2  
  182  31:02  Marine, Medic  
  185  31:12  Medic x2  
  185  31:16  Battlecruiser  
  195  31:22  Marine x2  
  197  31:32  Marine  
  198  33:03  Supply Depot  
  198  33:07  Missile Turret  
  198  33:30  Marine x2  
  198  33:38  Missile Turret  
  200  34:06  Missile Turret  
  195  38:19  Terran Infantry Weapons Level 1  
  195  38:22  Terran Vehicle and Ship Weapons Level 3  
  195  40:59  Terran Infantry Armor Level 1  
  195  43:39  Structure Armor  
Tags
 
Add a new tag
Caveats
  • Supply blocks, unpowered buildings, or Contaminate may cause inaccurate times.
  • Supply counts are checked every 10 seconds.